 Dungeon Crawl Stone Soup version 0.17-a0-1115-g0372368 (webtiles) character file.

61 ataraxiacalls the Cudgeler (level 3, 0/36 HPs)
             Began as a Troll Fighter on May 22, 2015.
             Was an Initiate of Okawaru.
             Succumbed to an adder's poison
             ... on level 2 of the Dungeon.
             The game lasted 00:04:56 (1147 turns).

ataraxiacalls the Cudgeler (Troll Fighter)          Turns: 1147, Time: 00:04:56

Health: 0/36       AC:  5    Str: 24    XL:     3   Next: 83%
Magic:  2/2        EV: 10    Int:  4    God:    Okawaru [......]
Gold:   91         SH:  0    Dex: 10    Spells: 0 memorised, 2 levels left

rFire  + . .     SeeInvis .     g - -2 mace (curse)
rCold  x . .     Clarity  .     b - +0 robe
rNeg   + . .     SustAt   .     (no shield)
rPois  .         Gourm    +     (helmet restricted)
rElec  .         Spirit   .     (no cloak)
rCorr  .         Warding  .     (gloves unavailable)
rMut   .         Stasis   .     (boots unavailable)
MR     .....                    h - amulet of faith
Stlth  +.........               n - ring of fire
                                m - ring of positive energy

@: lethally poisoned (0 -> -1), not resistant to hostile enchantments, very
unstealthy
A: unfitting armour, claws 3, fast metabolism 3, gourmand, regeneration 2,
shaggy fur 1, tough skin 2
a: Renounce Religion


You were on level 2 of the Dungeon.
You worshipped Okawaru.
Okawaru was noncommittal.
You were not hungry.

You visited 1 branch of the dungeon, and saw 2 of its levels.

You collected 91 gold pieces.

Inventory:

Hand weapons
 a - a +0 flail
 g - a cursed -2 mace (weapon)
Armour
 b - a +0 robe (worn)
 c - a +0 shield
 s - a +2 cloak
Jewellery
 h - an amulet of faith (around neck)
 m - a ring of positive energy (left claw)
 n - a ring of fire (right claw)
Scrolls
 f - 2 scrolls of recharging {unknown}
 i - 4 scrolls of teleportation {unknown}
 j - a scroll of remove curse {unknown}
 k - 3 scrolls of identify {unknown}
 l - a scroll of blinking {unknown}
 r - a scroll of noise {unknown}
 t - a scroll of enchant weapon {unknown}
Potions
 d - a potion of might
 p - a potion of heal wounds {unknown}
Comestibles
 e - 2 bread rations
 q - 5 chunks of flesh


   Skills:
 - Level 2.4 Fighting
 + Level 3.8 Maces & Flails
 - Level 2.4 Dodging
 - Level 2.4 Shields


You had 2 spell levels left.
You didn't know any spells.

Dungeon Overview and Level Annotations

Branches:
Dungeon (2/15)

Altars:
Fedhas
Okawaru


Innate Abilities, Weirdness & Mutations

You are too large for most types of armour.
You have claws for hands.
Your metabolism is lightning-fast.
You like to eat raw meat.
You heal very quickly.
You are covered in fur (AC +1).
You have very tough skin (AC +2).


Message History

The adder poisons you!
You closely miss the adder.
You feel sick. The adder bites you but does no damage. The adder bites you.
You miss the adder.
You feel sick. The adder barely misses you.
You hit the adder.
You kill the adder!
Okawaru accepts your kill.
You feel sick.
You closely miss the quokka.
You feel sick. The quokka barely misses you. The quokka bites you.
* * * LOW HITPOINT WARNING * * *
You hit the quokka but do no damage.
You feel sick. The quokka misses you.
You hit the quokka.
The quokka is moderately wounded.
You feel sick. The quokka bites you.
* * * LOW HITPOINT WARNING * * *
The quokka barely misses you.
You barely miss the quokka.
The quokka is moderately wounded.
You die...

#..........### .#
.# #...........P#
.#
#.............#.#
#...............
#........PP..##.#
#.........#### #
#.........#
#####'##### #@#
#r#
#..8...g.....#
#............+
#............#
#............#
#............#
#..............
#......%.......


You could see a quokka and a hobgoblin.

Vanquished Creatures
  4 adders (D:2)
  A ball python (D:1)
  A bat skeleton (D:2)
  2 bat zombies (D:2)
  A goblin (D:1)
  3 hobgoblins
  5 kobolds
  5 bats
  A giant gecko zombie (D:2)
  3 giant newts
  3 rats
29 creatures vanquished.

Notes
Turn   | Place    | Note
--------------------------------------------------------------
     0 | D:1      | ataraxiacalls the Troll Fighter began the quest for the Orb.
     0 | D:1      | Reached XP level 1. HP: 22/22 MP: 0/0
   405 | D:1      | Reached XP level 2. HP: 29/29 MP: 1/1
   761 | D:2      | Reached skill level 3 in Maces & Flails
   981 | D:2      | Reached XP level 3. HP: 36/36 MP: 2/2
  1077 | D:2      | Found an iron altar of Okawaru.
  1077 | D:2      | Found a blossoming altar of Fedhas.
  1081 | D:2      | Became a worshipper of Warmaster Okawaru
  1146 | D:2      | HP: 1/36 [quokka (5)]
  1147 | D:2      | Succumbed to an adder's poison

Vault maps used:
D:1:      elethiomel_arrival_quiet, serial_bayou_lagoon_a
D:2:      grunt_dithmenos_smoke, gammafunk_temple_overflow_wave, serial_undead,
          serial_undead_f, serial_undead_b, serial_undead_c, serial_undead_f,
          serial_undead_f, serial_undead_c, kennysheep_another_room,
          minmay_quantized

Action                   || total
-------------------------++-------
Melee: Mace              ||   130
  Use: Potion            ||     1
  Eat: Chunk             ||     3
       Meat ration       ||     1
